 Dungeon Crawl Stone Soup version 0.32-a0-868-g153ae1a8d6 (webtiles) character file.

Game seed: 15174031007876707806

0 Curundu the Firebug (level 1, -2/14 HPs)
             Began as a Demigod Fire Elementalist on Mar 28, 2024.
             Frozen to death by an endoplasm (4 damage)
             ... on level 1 of the Dungeon.
             The game lasted 00:00:24 (28 turns).

Curundu the Firebug (Demigod Fire Elementalist)       Turns: 28, Time: 00:00:24

Health: -2/14      AC:  2    Str:  9    XL:     1   Next: 0%
Magic:  2/5        EV: 11    Int: 17    God:
Gold:   0          SH:  0    Dex: 14    Spells: 2/3 levels left

rFire   . . .        (no weapon)
rCold   . . .        (no shield)
rNeg    . . .        a - +0 robe
rPois   .            (no helmet)
rElec   .            (no cloak)
rCorr   .            (no gloves)
SInv    .            (no boots)
Will    .....        (no amulet)
Stlth   ++           (no ring)
HPRegen 0.22/turn    (no ring)
MPRegen 0.09/turn

%: no passive effects
@: no status effects
A: high MP 1, forlorn, divine attributes
a: no special abilities


You were on level 1 of the Dungeon.
You visited 1 branch of the dungeon, and saw 1 of its levels.

Inventory:

Armour
 a - a +0 robe (worn)
Potions
 b - a potion of magic


   Skills:
 + Level 1.7 Dodging
 + Level 1.7 Stealth
 + Level 1.7 Spellcasting
 + Level 0.8 Conjurations
 + Level 2.6 Fire Magic


You had 2 spell levels left.
You knew the following spells:

 Your Spells              Type           Power      Damage    Failure   Level
a - Foxfire               Conj/Fire      28%        2x1d5     10%         1

Your spell library contained the following spells:

 Spells                   Type           Power      Damage    Failure   Level
 Scorch                   Fire           20%        2d5       10%         2
 Inner Flame              Hex/Fire       6%         N/A       34%         3
 Volatile Blastmotes      Fire/Tloc      12%        2d11      34%         3
 Flame Wave               Conj/Fire      7%         2d5       67%         4


Dungeon Overview and Level Annotations

Branches:
Dungeon (1/15)


Innate Abilities, Weirdness & Mutations

You have an increased reservoir of magic. (+10% MP)
You shall have no god before yourself.
Your divine heritage dramatically boosts your attributes as you level up.


Message History

The endoplasm hits you but does no damage.
The foxfire hits the endoplasm but does no damage.
The endoplasm is lightly wounded.
The endoplasm hits you but does no damage.
Casting: Foxfire (safe; 10% risk of failure)
Confirm with . or Enter, or press ? or * to list all spells.
You conjure some foxfire!
The quokka bites you.
The endoplasm hits you but does no damage.
The foxfire hits the quokka but does no damage.
The quokka is moderately wounded.
The foxfire hits the endoplasm.
The endoplasm is moderately wounded.
The quokka closely misses you.
The endoplasm attacks as it pursues you!
The endoplasm hits you.
Casting: Foxfire (safe; 10% risk of failure)
Confirm with . or Enter, or press ? or * to list all spells.
You conjure some foxfire!
The quokka bites you. The endoplasm freezes you.
You are frozen.
* * * LOW HITPOINT WARNING * * *
The foxfire hits the endoplasm.
The endoplasm is almost dead.
The foxfire hits the quokka but does no damage.
The quokka is moderately wounded.
The endoplasm hits you but does no damage.
You hit the endoplasm but do no damage.
The endoplasm is almost dead.
The quokka closely misses you. The endoplasm freezes you.
You are frozen.
* * * LOW HITPOINT WARNING * * *
The quokka bites you.
* * * LOW HITPOINT WARNING * * *
You barely miss the endoplasm.
The endoplasm is almost dead.
The quokka barely misses you. The endoplasm freezes you.
You are frozen.
You die...

~.~~..~..~~# ~..~~...~~~#
.# # ~~..~~~~~~.## .# .
#~~.......ß.# .#.#
#####++###..########.#.##
#.......##.......#
#.#####..#.......# ...
#..#.......# ###
#..@r......# #.##J...$..#
#.##.......# ..##.......#
#############


You could see an endoplasm and a quokka.

Vanquished Creatures (others)
  5 foxfires (D:1)
5 creatures vanquished.

Notes
Turn   | Place    | Note
-------+----------+-------------------------------------------
     0 | D:1      | Curundu the Demigod Fire Elementalist began the quest for
                  | the Orb.
     0 | D:1      | Reached XP level 1. HP: 14/14 MP: 5/5
    28 | D:1      | Frozen to death by an endoplasm

Illustrated notes

Levels and vault maps discovered:
D:1:      psy_arrival_whirlpool, layout_loops_ring, minmay_tiny_reverse_x

Action                     || total
---------------------------++-------
  Melee: Unarmed           ||     4
   Cast: Foxfire           ||     3
 Armour: Robe              ||    10
  Dodge: Dodged            ||     4

Table legend: (Time is in decaauts)
 A = Elapsed time spent in this place.
 B = Non-inter-level travel time spent in this place.
 C = Inter-level travel time spent in this place.
 D = Time resting spent in this place.
 E = Time spent auto-exploring this place.
 F = Levels seen in this place.
 G = Mean time per level.
                   A        B        C        D        E       F      G
               +--------+--------+--------+--------+--------+-----+--------+
         Total |     29 |     29 |      0 |      0 |      9 |   1 |   29.0 |
       Dungeon |     29 |     29 |      0 |      0 |      9 |   1 |   29.0 |
               +--------+--------+--------+--------+--------+-----+--------+

Top non-repeatable levels by time:
     D:1: 29 daAuts
